 Dungeon Crawl Stone Soup version 0.29-a0-422-gafbd6decc1 (webtiles) character file.

Game seed: 4467180382771308435

64 xian the Conjurer (level 3, -5/14 HPs)
             Began as a Felid Conjurer on May 19, 2022.
             Killed from afar by a white imp (11 damage)
             ... with a puff of frost
             ... summoned by Natasha
             ... on level 3 of the Dungeon.
             The game lasted 00:07:07 (2032 turns).

xian the Conjurer (Felid Conjurer)                  Turns: 2032, Time: 00:07:08

Health: -5/14      AC:  1    Str:  3    XL:     3   Next: 91%
Magic:  4/7        EV: 17    Int: 21    God:
Gold:   119        SH:  0    Dex: 14    Spells: 2/6 levels left
                                        Lives:  0   Deaths: 0

rFire   . . .      SeeInvis +   (weapon unavailable)
rCold   . . .      Faith    .   (shield unavailable)
rNeg    . . .      Spirit   .   (body armour unavailable)
rPois   .          Reflect  .   (helmet unavailable)
rElec   .          Harm     .   (cloak unavailable)
rCorr   .          Rampage  .   (gloves unavailable)
Will    .....                   (boots unavailable)
Stlth   ++........              (no amulet)
HPRegen 0.04/turn               (no ring)
MPRegen 0.10/turn               (no ring)

@: quick
A: very small, claws 1, fangs 3, see invisible, speed 1, shaggy fur 1, stealthy
paws, no weapons or thrown items, no armour, multi-lived
a: no special abilities


You were on level 3 of the Dungeon.
You visited 1 branch of the dungeon, and saw 3 of its levels.

You collected 119 gold pieces.

Inventory:

Hand Weapons
 n - the +7 hand axe of the Crafting Lamprey {flame, SInv}
   (You found it on level 3 of the Dungeon)

   It burns those it strikes, dealing additional fire damage.
   Big, fiery blades are also staple armaments of hydra-hunters.
   SInv:      It lets you see invisible.
Jewellery
 b - an amulet of reflection
Scrolls
 d - 5 scrolls of immolation {unknown}
 e - a scroll of noise {unknown}
 f - a scroll of summoning {unknown}
 h - 3 scrolls of amnesia {unknown}
 i - 2 scrolls of fog {unknown}
 j - a scroll of vulnerability {unknown}
 m - a scroll of enchant armour {unknown}
Potions
 a - a potion of magic
 c - 2 potions of lignification {unknown}
 g - a potion of flight {unknown}
 k - 2 potions of invisibility {unknown}
 l - a potion of mutation {unknown}


   Skills:
 + Level 2.9 Dodging
 + Level 3.1 Stealth
 + Level 2.4 Spellcasting
 + Level 4.6 Conjurations


You had 2 spell levels left.
You knew the following spells:

 Your Spells              Type           Power      Damage    Failure   Level
a - Magic Dart            Conj           88%        1d7       1%          1
b - Summon Small Mammal   Summ           8%         N/A       14%         1
c - Searing Ray           Conj           44%        2d6       3%          2

Your spell library contained the following spells:

 Spells                   Type           Power      Damage    Failure   Level
 Beastly Appendage        Tmut           4%         N/A       14%         1
 Corpse Rot               Necr/Air       4%         N/A       22%         2
 Sublimation of Blood     Necr           2%         N/A       22%         2
 Wereblood                Tmut           2%         N/A       22%         2
 Dazzling Flash           Conj/Hex       24%        N/A       16%         3
 Call Canine Familiar     Summ           2%         N/A       38%         3
 Spider Form              Tmut/Pois      2%         N/A       38%         3
 Summon Guardian Golem    Hex/Summ       2%         N/A       38%         3
 Fulminant Prism          Conj/Hex       6%         3d7       47%         4
 Iskenderun's Mystic Bla  Conj/Tloc      12%        2d5       47%         4
 Dispel Undead            Necr           2%         3d7       80%         4
 Death Channel            Necr           1%         N/A       100%        6
 Summon Hydra             Summ           1%         N/A       100%        7


Dungeon Overview and Level Annotations

Branches:
Dungeon (3/15)

Altars:

Shops:
D:3 =

Annotations:
D:3 Natasha


Innate Abilities, Weirdness & Mutations

You have sharp claws.
You have razor-sharp teeth.
You have supernaturally acute eyesight. (SInv)
You cover ground quickly. (Speed+)
You are covered in fur. (AC +1)
Your paws help you pounce on unaware monsters.
You are incapable of wielding weapons or throwing items.
You cannot wear armour.
You gain extra lives every three experience levels.


Message History

You are too injured to fight recklessly!
Aiming: Magic Dart (safe; 1% risk of failure)
Press: ? - help, Q - select action, (/) - cycle Shift-Dir - straight line Your target is gone.
Okay, then.
Your bat closely misses Natasha.
Natasha barely misses your bat.
Your bat hits Natasha but does no damage.
You are too injured to fight recklessly!
Aiming: Magic Dart (safe; 1% risk of failure)
Press: ? - help, Q - select action, (/) - cycle Shift-Dir - straight line
Okay, then.
Natasha mumbles some strange words.
Your bat misses Natasha.
Aiming: Magic Dart (safe; 1% risk of failure)
Press: ? - help, Q - select action, (/) - cycle Shift-Dir - straight line, f - Natasha
Aim: Natasha (ally target, 100% to hit)
Okay, then.
Your bat hits Natasha.
Natasha stares at your bat and mumbles some strange words.
The magic dart hits your bat.
Your bat dies!
Your bat's corpse disappears in a puff of smoke!
Natasha hisses angrily.
Sorry, you're not good enough to have a special ability.
Casting: Magic Dart (safe; 1% risk of failure)
Confirm with . or Enter, or press ? or * to list all spells.
Natasha attacks as you move away! Natasha misses you.
The white imp spits at you.
The white imp hits your bat but does no damage.
Your bat hits the white imp but does no damage.
Natasha claws your bat!
Your bat dies!
Your bat's corpse disappears in a puff of smoke!
Casting: Summon Small Mammal (safe; 14% risk of failure)
Confirm with . or Enter, or press ? or * to list all spells.
The white imp gestures at you. The puff of frost hits you!
Ouch! That really hurt!
You die...

...................##..
...................##.####
...####............##.#<.#
...................#..#.##
...................#.#...#
....................∩....#
................5h.#.###.#
...####........b§..#..# #
...####.........@..##.#
......+............# .#
#######............# .#
.....#+#####.# .# ##.....#
#.# .# #.
+......####+##+##+ #.
..#................. #.
..#.................
#.####.#.................


You could see Natasha, a white imp (summoned, ally target) and a friendly bat
(summoned).

Vanquished Creatures
  Natasha (D:3)
  An adder (D:2)
  A dart slug (D:1)
  3 endoplasms (D:1)
  2 giant cockroaches
  A goblin (D:1)
  2 hobgoblins (D:1)
  A quokka (D:3)
  5 ball pythons
  4 bats
  2 frilled lizards
  2 kobolds (D:1)
  4 rats (D:1)
29 creatures vanquished.

Notes
Turn   | Place    | Note
-------+----------+-------------------------------------------
     0 | D:1      | xian the Felid Conjurer began the quest for the Orb.
     0 | D:1      | Reached XP level 1. HP: 7/7 MP: 4/4
    18 | D:1      | Learned a level 1 spell: Summon Small Mammal
   245 | D:1      | Reached XP level 2. HP: 11/11 MP: 3/6
   318 | D:1      | Reached skill level 4 in Conjurations
   754 | D:1      | Found a faded altar of an unknown god.
   754 | D:1      | Noticed a smoke demon
  1212 | D:2      | Learned a level 2 spell: Searing Ray
  1366 | D:2      | Reached XP level 3. HP: 14/14 MP: 0/7
  1880 | D:3      | Identified the +7 hand axe of the Crafting Lamprey {flame,
                  | SInv}
  1925 | D:3      | Noticed Natasha
  1935 | D:3      | Killed Natasha
  1969 | D:3      | Found Loill's Jewellery Emporium.
  2021 | D:3      | Noticed Natasha
  2032 | D:3      | Killed from afar by a white imp

Illustrated notes

Levels and vault maps discovered:
D:1:      dpeg_arrival_refuge, layout_basic,
          dreamdust_ecumenical_altar_sealed_demon, minivault_19,
          hangedman_decor_points
D:2:      layout_rooms, serial_curves, eino_curves_01, eino_curves_01,
          eino_curves_01, eino_curves_02
D:3:      layout_basic, serial_shops, nicolae_shop_crystal, uniq_natasha,
          uniq_terence

Skill      XL: |  1  2 |
---------------+-------+-----
Conjurations   | 4 |  4.6
Stealth        | 3 |  3.1
Dodging        | |  2.9
Spellcasting   | |  2.4

Action                   || total
-------------------------++-------
Melee: Unarmed           ||     1
 Cast: Magic Dart        ||    55
       Summon Small Mamm ||     4
Armor: Skin              ||     1
Dodge: Dodged            ||     3

Table legend: (Time is in decaauts)
 A = Elapsed time spent in this place.
 B = Non-inter-level travel time spent in this place.
 C = Inter-level travel time spent in this place.
 D = Time resting spent in this place.
 E = Time spent auto-exploring this place.
 F = Levels seen in this place.
 G = Mean time per level.
                   A        B        C        D        E       F      G
               +--------+--------+--------+--------+--------+-----+--------+
         Total |   1763 |   1679 |     84 |      0 |   1483 |   3 |  587.7 |
       Dungeon |   1763 |   1679 |     84 |      0 |   1483 |   3 |  587.7 |
               +--------+--------+--------+--------+--------+-----+--------+

Top non-repeatable levels by time:
     D:1: 953 daAuts
     D:2: 643 daAuts
     D:3: 166 daAuts
